 Dungeon Crawl Stone Soup version 0.20-a0-1006-ge6c5631 (webtiles) character file.

66 FastMan the Covered (level 4, 0/36 HPs)
             Began as a Formicid Fighter on Apr 14, 2017.
             Succumbed to a worker ant's poison
             ... on level 3 of the Dungeon.
             The game lasted 00:00:52 (1157 turns).

FastMan the Covered (Formicid Fighter)              Turns: 1157, Time: 00:00:52

Health: 0/36       AC:  7    Str: 17 (20) XL:     4   Next: 37%
Magic:  4/4        EV:  7    Int:  5 (8)  God:
Gold:   85         SH:  9    Dex:  9 (11) Spells: 3/3 levels left

rFire    . . .     SeeInvis +   a - +0 war axe
rCold    . . .     Gourm    .   c - +0 shield
rNeg     . . .     Faith    .   b - +0 scale mail
rPois    .         Spirit   .   (helmet unavailable)
rElec    .         Reflect  .   (no cloak)
rCorr    .         Harm     .   (no gloves)
MR       .....                  (no boots)
Stlth    ..........             (no amulet)
Regen    0.2/turn               (no ring)
MPRegen  0.1/turn               (no ring)

@: lethally poisoned (0 -> -9), flying
A: permanent stasis, dig shafts and tunnels, four strong arms, antennae 3
a: Dig, Shaft Self


You were on level 3 of the Dungeon.
You were not hungry.

You visited 1 branch of the dungeon, and saw 3 of its levels.

You collected 85 gold pieces.

Inventory:

Hand Weapons
 a - a +0 war axe (weapon)
Armour
 b - a +0 scale mail (worn)
 c - a +0 shield (worn)
 s - a +0 pair of gloves
Jewellery
 k - a cursed ring of loudness {unknown}
 t - a +2 ring of dexterity {unknown}
Scrolls
 h - 2 scrolls of amnesia {unknown}
 i - a scroll of teleportation {unknown}
 l - 2 scrolls of remove curse {unknown}
 n - 2 scrolls of identify {unknown}
 o - a scroll of fear {unknown}
 q - a scroll of fog {unknown}
 r - a scroll of enchant weapon {unknown}
Potions
 d - 2 potions of might {@q4}
 m - a potion of curing {unknown}
Comestibles
 f - 2 bread rations {@e1}
 g - 6 chunks of flesh
 p - 4 fruits {@e4}


   Skills:
 + Level 3.6 Fighting
 * Level 3.1 Axes
 + Level 4.1 Armour
 + Level 4.0 Shields


You had 3 spell levels left.
You didn't know any spells.

Dungeon Overview and Level Annotations

Branches:
Dungeon (3/15)

Altars:


Innate Abilities, Weirdness & Mutations

You cannot be hasted, slowed, berserked, paralysed or teleported.
You can dig through walls and to a lower floor.
Your four strong arms can wield two-handed weapons with a shield.
You have a pair of large antennae on your head. (SInv)


Message History

You closely miss the worker ant. You barely miss the orc wizard.
You hit the scorpion.
* * * LOW HITPOINT WARNING * * *
You feel sick.
The orc wizard hits you but does no damage.
You block the orc's attack.
The worker ant bites you but does no damage.
The scorpion completely misses you. The orc wizard barely misses you.
Unknown command.
Unknown command.
It was a potion of flight.
You feel very buoyant.
You fly up into the air.
* * * LOW HITPOINT WARNING * * *
You feel sick. The worker ant closely misses you. The orc wizard misses you.
You block the orc's attack. The scorpion closely misses you.
It was a potion of degeneration.
There was something very wrong with that liquid.
You feel weakened.
You feel dopey.
You feel clumsy.
You die...

.... ...# #$.# #..#
##..### ..####.o...
.....oaos# #o@# #!.#
#..# #..########
#.........#
###########...#####.#
..............#####.#
#.# ####............#
#.# #.##.#####.#.#


You could see a scorpion, a worker ant, an orc wizard and 3 orcs.

Vanquished Creatures
  2 worms (D:3)
  3 dart slugs
  A leopard gecko (D:1)
  3 orcs (D:3)
  2 bats
  5 giant cockroaches
  7 goblins
  4 hobgoblins
  8 jackals (D:2)
  5 frilled lizards (D:1)
  2 kobolds (D:2)
  4 rats
46 creatures vanquished.

Notes
Turn   | Place    | Note
-------+----------+-------------------------------------------
     0 | D:1      | FastMan the Formicid Fighter began the quest for the Orb.
     0 | D:1      | Reached XP level 1. HP: 18/18 MP: 1/1
    85 | D:1      | Reached XP level 2. HP: 23/24 MP: 2/2
   344 | D:1      | Reached XP level 3. HP: 29/29 MP: 3/3
   848 | D:2      | Reached XP level 4. HP: 27/35 MP: 4/4
  1156 | D:3      | HP: 1/36 [poisoned by a worker ant]
  1157 | D:3      | Succumbed to a worker ant's poison

Vault maps used:
D:1:      ncdulo_halloftheorcs, minmay_tetromino_i4
D:3:      serial_bayou_lake_a

Skill      XL: |  1  2  3  4 |
---------------+-------------+-----
Axes           | 3 |  3.1
Armour         | 4 |  4.1
Shields        | 4 |  4.0
Fighting       | |  3.6

Action                   |  1- 3 |  4- 6 || total
-------------------------+-------+-------++-------
Melee: War axe           |   111 |    36 ||   147
  Use: Potion            |       |     2 ||     2
  Eat: Chunk             |       |     1 ||     1
Armor: Scale mail        |    67 |    15 ||    82
Dodge: Dodged            |    40 |    13 ||    53
Block: Shield            |    65 |    29 ||    94
